 Dungeon Crawl Stone Soup version 0.32-a0-918-g0f22ef8d61 (webtiles) character file.

Game seed: 985781172521350491

4 bananaken the Trooper (level 1, -1/18 HPs)
             Began as a Coglin Berserker on Apr 10, 2024.
             Was a Follower of Trog.
             Slain by a gnoll
             ... wielding a +0 flail
              (8 damage)
             ... on level 1 of the Dungeon.
             The game lasted 00:00:21 (39 turns).

bananaken the Trooper (Coglin Berserker)              Turns: 39, Time: 00:00:21

Health: -1/18      AC:  2    Str: 17    XL:     1   Next: 60%
Magic:  1/1        EV: 11    Int:  6    God:    Trog [*.....]
Gold:   0          SH:  0    Dex: 13    Spells: 0/0 levels left

rFire   . . .        a - +0 mace {Mei}
rCold   . . .        c - +0 dagger {Charoen}
rNeg    . . .        b - +0 animal skin
rPois   .            (no helmet)
rElec   .            (no cloak)
rCorr   .            (no gloves)
SInv    .            (no boots)
Will    .....        (amulet unavailable)
Stlth   +            (ring unavailable)
HPRegen 0.23/turn    (ring unavailable)
MPRegen 0.07/turn    (no gizmo)

%: no passive effects
@: revved
A: off-hand wielding, slow wielding, warmup strikes, no jewellery
a: Invent Gizmo, Renounce Religion, Berserk


You were on level 1 of the Dungeon.
You worshipped Trog.
Trog was aware of your devotion.
You visited 1 branch of the dungeon, and saw 1 of its levels.

Inventory:

Hand Weapons
 a - a +0 mace (weapon) {Mei}
 c - a +0 dagger (offhand) {Charoen}
Armour
 b - a +0 animal skin (worn)


   Skills:
 + Level 3.0 Fighting
 + Level 2.9 Maces & Flails
 + Level 1.9 Armour
 + Level 1.7 Dodging


You couldn't memorise any spells.
You didn't know any spells.
Your spell library was empty.

Dungeon Overview and Level Annotations

Branches:
Dungeon (1/15)

Altars:


Innate Abilities, Weirdness & Mutations

You can wield a second weapon in your off-hand.
It takes a long time for you to wield or remove held weapons.
Your first few attacks do less damage.
You cannot equip rings or amulets.


Message History

You hit the bat with your +0 dagger.
The bat is severely wounded.
You closely miss the bat with your +0 mace.
The bat hits you but does no damage.
A bat comes into view.
Found a scroll of immolation.
Found a faded altar of an unknown god.
The bat hits you but does no damage.
You see here 6 gold pieces.
The hobgoblin shouts!
You hear a shout! x2
The bat closely misses you. The bat barely misses you.
You miss the bat with your +0 dagger.
The bat is severely wounded.
You hit the bat with your +0 mace.
You kill the bat!
Trog accepts your kill. The bat barely misses you. The bat hits you.
You closely miss the bat with your +0 mace.
You closely miss the bat with your +0 dagger.
The bat hits you but does no damage.
A hobgoblin comes into view.
The bat barely misses you.
You closely miss the bat with your +0 dagger.
You hit the bat with your +0 mace.
You kill the bat!
Trog accepts your kill.
You hit the hobgoblin with your +0 dagger.
The hobgoblin is moderately wounded.
You hit the hobgoblin with your +0 mace.
You kill the hobgoblin!
Trog accepts your kill.
A hobgoblin comes into view.
A gnoll comes into view. It is wielding a +0 flail.
You closely miss the gnoll with your +0 mace.
You hit the gnoll with your +0 dagger. The gnoll hits you with a +0 flail!
Ouch! That really hurt!
You are too injured to fight recklessly!
You hit the gnoll with your +0 dagger.
The gnoll is moderately wounded.
You hit the gnoll with your +0 mace. The gnoll hits you with a +0 flail!
You die...

.#.... .#.#
+...._ #...#
#..#.. ....#
.......##.#..##.
...#..g#.........
#....#....#.#..##
.....#...........
#.....g@.......#
###..#.#.$####.#
#.......##
##.#.....#
#.###.#.#
#######.....#.#
#.......#####.#
#.......# .#
#.......### .###


You could see a gnoll and a hobgoblin.

Vanquished Creatures
  2 bats (D:1)
  A hobgoblin (D:1)
3 creatures vanquished.

Notes
Turn   | Place    | Note
-------+----------+-------------------------------------------
     0 | D:1      | bananaken the Coglin Berserker began the quest for the Orb.
     0 | D:1      | Reached XP level 1. HP: 18/18 MP: 1/1
    30 | D:1      | Found a faded altar of an unknown god.
    39 | D:1      | Slain by a gnoll

Illustrated notes

Levels and vault maps discovered:
D:1:      heliophobic_arrival_glass_houses, layout_loops_cross,
          hellmonk_ecumenical_altar_blasted

Action                     || total
---------------------------++-------
  Melee: Mace              ||     7
         Dagger            ||     7
 Armour: Animal skin       ||     6
  Dodge: Dodged            ||     5

Table legend: (Time is in decaauts)
 A = Elapsed time spent in this place.
 B = Non-inter-level travel time spent in this place.
 C = Inter-level travel time spent in this place.
 D = Time resting spent in this place.
 E = Time spent auto-exploring this place.
 F = Levels seen in this place.
 G = Mean time per level.
                   A        B        C        D        E       F      G
               +--------+--------+--------+--------+--------+-----+--------+
         Total |     39 |     39 |      0 |      0 |     26 |   1 |   39.0 |
       Dungeon |     39 |     39 |      0 |      0 |     26 |   1 |   39.0 |
               +--------+--------+--------+--------+--------+-----+--------+

Top non-repeatable levels by time:
     D:1: 39 daAuts
